 Seeded DCSS version 0.30.0-29-ga12c61a403 (webtiles) character file.

Game seed: 12395530661684267321 (custom seed)

338 Hubris850 the Shield-Bearer (level 6, -1/38 HPs)
             Began as a Gargoyle Fighter on June 23, 2023.
             Slain by a kobold
             ... wielding a +0 whip
              (3 damage)
             ... on level 3 of the Dungeon.
             The game lasted 00:05:00 (2995 turns).

Hubris850 the Shield-Bearer (Gargoyle Fighter)      Turns: 2995, Time: 00:05:00

Health: -1/38      AC:  0    Str: 22    XL:     6   Next: 55%
Magic:  2/2        EV:  8    Int:  8    God:
Gold:   188        SH:  8    Dex:  9    Spells: 5/5 levels left

rFire   . . .        m - +2 spear of Shrieking Terror {antimagic, +Blink rN++ Will- Stlth+}
rCold   . . .        g - +0 kite shield
rNeg    + + +        b - +0 scale mail
rPois   ∞            (no helmet)
rElec   +            (no cloak)
rCorr   .            e - +0 pair of gloves
SInv    .            (no boots)
Will    .....        (no amulet)
Stlth   +            (no ring)
HPRegen 0.26/turn    (no ring)
MPRegen 0.08/turn

%: no passive effects
@: corroded
A: sickness immunity, AC +4, negative energy resistance 1, electricity
resistance, torment resistance 1, petrification resistance
a: Evoke Blink


You were on level 3 of the Dungeon.
You visited 1 branch of the dungeon, and saw 4 of its levels.

You collected 188 gold pieces.

Inventory:

Hand Weapons
 a - a +0 trident
 m - the +2 spear of Shrieking Terror (weapon) {antimagic, +Blink rN++ Will- Stlth+}
   (You found it on level 2 of the Dungeon)

   rN:        It greatly protects you from negative energy.
   +Blink:    It lets you blink.
   Will:      It decreases your willpower.
   Stlth:     It makes you more stealthy.
Missiles
 d - 5 silver javelins
 k - 9 boomerangs (quivered)
Armour
 b - a +0 scale mail (worn)
 c - a +0 buckler
 e - a +0 pair of gloves (worn)
 g - a +0 kite shield (worn)
Wands
 n - a wand of flame (17)
Scrolls
 h - a scroll of teleportation {unknown}
 j - a scroll of torment {unknown}
 o - 2 scrolls of identify {unknown}
 q - a scroll of butterflies {unknown}
 s - a scroll of blinking {unknown}
Potions
 f - 2 potions of berserk rage {unknown}
 i - a potion of degeneration {unknown}
 l - 2 potions of lignification {unknown}
 p - 2 potions of heal wounds {unknown}
 r - a potion of flight {unknown}


   Skills:
 - Level 4.0 Fighting
 + Level 3.4 Polearms
 + Level 2.7 Throwing
 - Level 4.0 Armour
 + Level 4.9 Shields


You had 5 spell levels left.
You didn't know any spells.
Your spell library contained the following spells:

 Spells                   Type           Power      Damage    Failure   Level
 Kiss of Death            Conj/Necr      0%         2d5       94%         1
 Confusing Touch          Hex            0%         N/A       100%        3
 Inner Flame              Hex/Fire       0%         N/A       100%        3
 Dispel Undead            Necr           0%         3d6       100%        4
 Flame Wave               Conj/Fire      0%         2d4       100%        4
 Sticky Flame             Conj/Fire      0%         2d3       100%        4


Dungeon Overview and Level Annotations

Branches:
Dungeon (4/15)
 Temple: D:4-7

Altars:
Dithmenos
Zin

Shops:
D:2 ?


Innate Abilities, Weirdness & Mutations

You are immune to sickness and miasma.
Your stone body is resilient. (AC +4)
You are immune to poison.
You resist negative energy. (rN+)
You are resistant to electric shocks. (rElec)
You are resistant to unholy torment.
You are immune to petrification.


Message History

The orc shouts!
The jelly quivers.
The orc priest shouts!
The orc shouts!
The kobold shouts!
Found a pink potion.
There is a stone staircase leading up here.
There are monsters nearby!
You reach to attack!
You hit the orc.
The orc is lightly wounded.
A giant cockroach comes into view.
You hit the orc.
You kill the orc!
An orc comes into view. It is wielding a +0 club.
The jelly jiggles.
The orc shouts!
You hit the kobold.
The kobold is severely wounded.
You block the kobold's attack. The kobold hits you but does no damage.
The jelly hits you.
You are splashed with acid.
You climb upwards.
There is a stone staircase leading down here.
You hit the jelly. The acid corrodes you!
Your hands burn!
The jelly is moderately wounded.
The kobold barely misses you. You block the jelly's attack.
You hit the jelly.
Your hands burn!
The jelly is heavily wounded.
You block the kobold's attack. You block the jelly's attack.
You hit the jelly but do no damage.
Your hands burn!
The jelly is heavily wounded.
You block the kobold's attack. You block the jelly's attack.
You hit the jelly. The acid corrodes you!
Your hands burn!
The jelly is severely wounded.
The kobold hits you but does no damage. The jelly hits you.
The acid corrodes you!
You are splashed with acid!
* * * LOW HITPOINT WARNING * * *
You hit the jelly but do no damage.
Your hands burn!
* * * LOW HITPOINT WARNING * * *
The jelly is severely wounded.
The kobold hits you with a +0 whip.
You die...

#.##.# #.#######.##
#†##.# #.# #.#.
#.##.# #.# #..#
#.##.# #.# #.##
#.##.#####.# #..#
#..........# #.#.
####.#####.#######...
#J# #....(....#.
#@########.######.
#.K........# #.
############ ## #


You could see a jelly and a kobold.

Vanquished Creatures
  Grinder (D:3)
  An orc priest (D:3)
  A hound (D:3)
  3 adders
  2 dart slugs
  7 orcs
  2 endoplasms
  2 giant cockroaches
  3 goblins
  5 hobgoblins
  4 kobolds
  A quokka (D:1)
  8 ball pythons
  2 bats
  3 frilled lizards
  9 rats
54 creatures vanquished.

Vanquished Creatures (others)
  An orc wizard (D:3)
1 creature vanquished.

Grand Total: 55 creatures vanquished

Notes
Turn   | Place    | Note
-------+----------+-------------------------------------------
     0 | D:1      | Hubris850 the Gargoyle Fighter began the quest for the Orb.
     0 | D:1      | Reached XP level 1. HP: 14/14 MP: 1/1
   259 | D:1      | Reached XP level 2. HP: 19/19 MP: 2/2
  1234 | D:2      | Reached XP level 3. HP: 22/24 MP: 3/3
  1289 | D:2      | Identified the +2 spear of Shrieking Terror {antimagic,
                  | +Blink rN++ Will- Stlth+}
  1949 | D:2      | Found Hywkopsiw's Magic Scroll Shoppe.
  2135 | D:3      | Noticed Grinder
  2139 | D:3      | Paralysed by Grinder for 4 turns
  2154 | D:3      | Killed Grinder
  2155 | D:3      | Reached XP level 4. HP: 26/29 MP: 1/4
  2155 | D:3      | Reached XP level 5. HP: 29/33 MP: 1/5
  2155 | D:3      | Reached XP level 6. HP: 34/38 MP: 2/6
  2691 | D:3      | Found a faded altar of an unknown god.
  2768 | D:3      | Found a glowing silver altar of Zin.
  2768 | D:3      | Found a shadowy altar of Dithmenos.
  2995 | D:3      | Slain by a kobold

Illustrated notes

Levels and vault maps discovered:
D:1:      nagdon_arrival_double_spiral, layout_basic
D:2:      layout_basic, serial_shops, nicolae_shop_real_fake_doors,
          minmay_tetromino_l2
D:3:      layout_loops_ring, gammafunk_temple_overflow_statue,
          hellmonk_ecumenical_altar_inner_sanctum, uniq_grinder
D:4:      layout_loops_ring, lemuel_round_altar, minmay_temple_entry_waves,
          serial_shops, nicolae_shop_back_alley_shop, dreamdust_princess_bridge,
          st_stairs_1, chequers_mini_garden

Skill      XL: |  1  2  3 |
---------------+----------+-----
Polearms       | 2 3 |  3.4
Fighting       | 4 |  4.0
Throwing       | 2 |  2.7
Armour         | 4 |  4.0
Shields        | 4 |  4.9

Action                     |  1- 3 |  4- 6 || total
---------------------------+-------+-------++-------
  Melee: Trident           |    79 |       ||    79
         Spear             |    30 |   107 ||   137
  Throw: Boomerang         |     1 |       ||     1
    Use: Potion            |     1 |       ||     1
 Armour: Scale mail        |    32 |    79 ||   111
  Dodge: Dodged            |    37 |    34 ||    71
  Block: Buckler           |     4 |       ||     4
         Kite shield       |    24 |    41 ||    65
